 Yiufcrawl Soup (a DCSS fork) version 1.5.2b1-yiuf-19-g91104ff (webtiles) character file.

1891604 TittyCrusher the Hoplite (level 27, 247/247 HPs)
             Began as a Lava Orc Fighter on Jan 25, 2018.
             Was the Champion of Okawaru.
             Escaped with the Orb
             ... and 3 runes!
             The game lasted 03:08:53 (56220 turns).

TittyCrusher the Hoplite (Lava Orc Fighter)        Turns: 56220, Time: 03:08:54

Health: 247/247    AC: 50    Str: 33    XL:     27
Magic:  27/29      EV: 37    Int: 11    God:    Okawaru [******]
Gold:   4959       SH: 42    Dex: 35    Spells: 26/26 levels left

rFire    + . .     SeeInvis .   b - +10 broad axe "Meziwny" {chop, rF- Int+2 Dex+6}
rCold    + + .     Gourm    .   u - +10 large shield of Ignorance {rN+ Int-4}
rNeg     + + .     Faith    .   A - +7 gold dragon scales
rPois    +         Spirit   .   Q - +0 hat "Ytuth" {MP-9 Dex+4}
rElec    +         Reflect  .   v - scarf {rC+ rF+}
rCorr    .         Harm     .   J - +2 pair of gloves {Dex+3}
MR       ++...                  E - +2 pair of boots "Qujory" {rN+ MP+9}
Stlth    ..........             G - amulet "Dumuki" {+Rage rElec Int+3}
Regen    0.6/turn               t - +5 ring of dexterity
MPRegen  0.3/turn               y - +4 ring of slaying

@: mighty, agile, heroism
A: temperature effects, low MR, horns 2, rugged brown scales 1, blurry vision 1,
deterioration 1, magic resistance 1, no potion heal 1
0: Orb of Zot
}: 3/15 runes: decaying, serpentine, silver
a: Heroism, Finesse, Renounce Religion, Evoke Berserk Rage


You escaped.
You worshipped Okawaru.
Okawaru was exalted by your worship.
You were full.

You visited 10 branches of the dungeon, and saw 50 of its levels.
You visited the Abyss 1 time.
You also visited: Sewer, Ossuary, Bailey, Ice Cave and Wizlab.

You collected 8346 gold pieces.
You spent 3387 gold pieces at shops.

Inventory:

Hand Weapons
 a - a +9 broad axe of electrocution
 b - the +10 broad axe "Meziwny" (weapon) {chop, rF- Int+2 Dex+6}
   (Okawaru gifted it to you on level 4 of the Realm of Zot)

   It inflicts extra damage upon your enemies.
   It affects your intelligence (+2).
   It affects your dexterity (+6).
   It makes you vulnerable to fire.
Armour
 r - a scarf of repulsion
 u - the +10 large shield of Ignorance (worn) {rN+ Int-4}
   (You found it on level 8 of the Dungeon)

   It affects your intelligence (-4).
   It protects you from negative energy.
 v - a scarf of resistance (worn)
 A - +7 gold dragon scales (worn)
 E - the +2 pair of boots "Qujory" (worn) {rN+ MP+9}
   (You found it on level 3 of the Snake Pit)

   It protects you from negative energy.
   It affects your magic capacity (+9).
 J - a +2 pair of gloves of dexterity (worn)
 Q - the +0 hat "Ytuth" (worn) {MP-9 Dex+4}
   (You acquired it on level 11 of the Dungeon)

   It affects your dexterity (+4).
   It affects your magic capacity (-9).
 R - the +1 crystal plate armour of Besaruod {+Inv rC+ MR+++ Stlth-}
   (Okawaru gifted it to you on level 13 of the Dungeon)

   It protects you from cold.
   It affects your resistance to hostile enchantments.
   It lets you turn invisible.
   It makes you less stealthy.
Jewellery
 k - an uncursed amulet of regeneration
 t - a +5 ring of dexterity (left hand)
 y - a +4 ring of slaying (right hand)
 z - an uncursed ring of resist corrosion
 D - an uncursed ring of positive energy
 G - the amulet "Dumuki" (around neck) {+Rage rElec Int+3}
   (You found it on level 1 of the Swamp)

   [amulet of rage]

   It affects your intelligence (+3).
   It insulates you from electricity.
   It lets you go berserk.
Wands
 d - a wand of iceblast (12/15)
 w - a wand of digging (6/24)
 x - a wand of flame (7/48)
 B - a wand of enslavement (3/24)
 F - a wand of digging (12/24)
 M - a wand of acid (0/15)
Scrolls
 e - 14 scrolls of teleportation
 n - 3 scrolls of blinking
 o - 19 scrolls of remove curse
 q - 6 scrolls of immolation
 I - a scroll of vulnerability
 K - 5 scrolls of magic mapping
 L - 2 scrolls of holy word
 N - 7 scrolls of recharging
 T - 9 scrolls of torment
 U - 7 scrolls of fog
 W - 7 scrolls of summoning
 Y - 5 scrolls of identify
 Z - 5 scrolls of fear
Potions
 c - a potion of ambrosia
 g - 5 potions of magic
 i - 8 potions of curing
 j - 5 potions of resistance
 l - 3 potions of flight
 m - 4 potions of haste
 p - 5 potions of mutation
 C - 3 potions of invisibility
 H - 5 potions of lignification
 P - 3 potions of berserk rage
 S - 7 potions of might
 V - a potion of cancellation
 X - a potion of brilliance
Comestibles
 f - 13 bread rations
 h - 20 royal jellies
 s - 29 fruits


   Skills:
 - Level 24.9(27) Fighting
 + Level 18.2(23.2) Axes
 - Level 20.2(25.2) Armour
 - Level 18.0(23.0) Dodging
 - Level 2.0(7.0) Stealth
 - Level 26.0(27) Shields
 - Level 9.1 Invocations


You had 26 spell levels left.
You didn't know any spells.

Dungeon Overview and Level Annotations

Branches:
Dungeon (15/15)            Temple (1/1) D:4            Lair (6/6) D:8
  Swamp (4/4) Lair:2        Snake (4/4) Lair:4        Slime (0/5) Lair:5
    Orc (2/2) D:10            Elf (3/3) Orc:2        Vaults (5/5) D:14
  Crypt (0/3) Vaults:3     Depths (5/5) D:15            Zot (5/5) Depths:5

Altars:
Ashenzari
Cheibriados
Dithmenos
Elyvilon
Fedhas
Gozag
Hepliaklqana
Kikubaaqudgha
Makhleb
Nemelex Xobeh
Okawaru
Qazlal
Ru
Sif Muna
Trog
Uskayaw
Vehumet
Wu Jian
Xom
Yredelemnul
Zin
The Shining One
Beogh
Jiyva

Shops:
D:13 (   D:15 ?   Orc:1 [   Orc:2 ([*?   Elf:3 *   Snake:1 (   Snake:3 ?*
Vaults:2 *   Depths:5 }

Portals:
Hell: Depths:1 Depths:3 Depths:4 Depths:5
Abyss: Depths:4 Depths:5
Pandemonium: Depths:3 Depths:4
Ziggurat: Depths:5
Trove: Vaults:4 (give horn of Geryon)

Annotations:
D:4 TittyCrusher's ghost, novice LOFi
D:8 1 runed door, exclusion: 4 orange crystal statues
D:14 3 runed doors
Lair:1 exclusion: 4 oklob plants
Lair:2 exclusion: 2 oklob plants
Swamp:4 Roxanne


Innate Abilities, Weirdness & Mutations

You have somewhat poor natural magic resistance.
When you heat up, it can burn adjacent foes.
Your skin is stony and craggy. (AC +6)
You have a pair of horns on your head.
You are partially covered in rugged brown scales. (AC +1, +3% HP)
Scrolls take you a little longer to read.
Your body sometimes deteriorates upon taking damage.
You are resistant to hostile enchantments. (MR+)
Potions are less effective at restoring your health.


Message History

You kill the hellwing!
Okawaru accepts your kill.
No target in view!
No target in view!
No target in view!
The bat is too close now for your liking.
You block the bat's attack. x3
You slice the bat!!
You kill the bat!
A crimson imp comes into view.
There is an open gate here.
The crimson imp shouts!
There is a staircase leading out of the dungeon here.
Okay, then.
Unknown command.
Unknown command.
You feel very mighty all of a sudden.
You feel agile all of a sudden.
You gain the combat prowess of a mighty hero.
You have escaped!

(>.......^.............#####.....
#(#.############.....(....##.....
#(#.#........###..........##.....
#.#.#.........##..........##.....
#(#.#.....)...........##.........
#.#.+........##'''##..##.........
#.#.#........#.....#5.##.....###.
#.#.#........#.....#.###.....# #.
#.#.+........#..@..#.# #.....# #.
#.#.#........#.....#.###.....# #.
#.#.####..##.#######.#.......# #.
#.#.#.....####.......#.......# #.
#.#.#.###.# #........#.....### #.
#.(.#.###.# #........#####.## #.
###.#.....# #........#####..## #.
#........# #................# #.
#.....#.## #................# #.


You could see a crimson imp.

Vanquished Creatures
  2 orbs of fire (Zot:5)
  6 ancient liches
  A shard shrike (shapeshifter) (Vaults:3)
  Boris (Depths:3)
  Saint Roka (Snake:2)
  4 Killer Klowns
  A caustic shrike (Depths:4)
  Vashnia (Snake:2)
  12 golden dragons
  Nikola (Elf:1)
  A Tzitzimitl (Zot:4)
  3 electric golems (Zot:5)
  A Hellbinder (WizLab)
  A bone dragon (Swamp:4)
  A lich (Depths:1)
  8 tentacled monstrosities
  Jorgrun (Depths:3)
  A hellephant (Depths:5)
  25 Orb Guardians
  Asterion (Depths:3)
  3 deep elf master archers (Elf:3)
  3 titans
  3 deep elf blademasters
  A thorn hunter (Swamp:4)
  A quicksilver dragon (Vaults:5)
  2 ancient champions (Vaults:3)
  An Executioner (D:2)
  6 sphinxes
  A tentacled starspawn (Abyss:5)
  3 death cobs
  15 shadow dragons
  A revenant (Vaults:3)
  11 tengu reavers
  2 draconian monks (Zot:4)
  10 storm dragons
  13 fire giants
  7 nagarajas
  4 iron dragons
  3 draconian knights
  A cacodemon (WizLab)
  9 frost giants
  A balrug (WizLab)
  A ghost moth (shapeshifter) (Vaults:5)
  An orc warlord (Orc:1)
  A ghost moth (Zot:5)
  22 vault wardens
  Aizul (Snake:3)
  4 draconian shifters
  7 deep elf sorcerers
  3 draconian scorchers
  9 deep elf elementalists
  23 very ugly things
  3 reapers
  An entropy weaver (Vaults:3)
  5 draconian annihilators
  20 ironheart preservers
  23 stone giants
  3 war gargoyles
  5 green draconians
  7 black draconians
  7 vampire knights
  4 deep elf demonologists
  A lorocyproca (Depths:3)
  11 spark wasps
  3 white draconians (Zot:5)
  7 yellow draconians
  10 red draconians
  17 deep elf annihilators
  11 ettins
  3 purple draconians
  A crystal guardian (Vaults:5)
  A merfolk impaler (Depths:4)
  11 fire dragons
  22 yaktaur captains
  7 deep elf death magi
  9 deep elf high priests
  A jiangshi (Depths:2)
  13 great orbs of eyes
  43 vault guards
  Harold (Lair:2)
  19 naga warriors
  11 hydras
  12 ice dragons
  2 spriggan air magi (Depths:4)
  5 rakshasas
  2 catoblepae
  21 two-headed ogres
  Erica (D:8)
  13 centaur warriors
  6 ghost crabs
  4 alligators
  A death knight (Vaults:1)
  29 dancing weapons
  13 anacondas
  4 deep troll shamans
  13 ogre magi
  2 large abominations (Elf:3)
  3 vampire magi
  8 deep troll earth magi
  9 tengu warriors
  A thrashing horror (Abyss:5)
  5 spriggan berserkers
  8 orc high priests
  26 deep elf knights
  6 shock serpents
  14 naga sharpshooters
  A fire crab (shapeshifter) (D:15)
  2 shadow wraiths
  A wretched star (Abyss:5)
  A storm dragon zombie (Vaults:2)
  3 soul eaters
  A small abomination (Elf:3)
  A sun demon (D:7)
  7 hell knights (Depths:3)
  2 sixfirhies
  3 unseen horrors
  A death drake (shapeshifter) (D:15)
  A death drake (Swamp:4)
  A shadow demon (Depths:4)
  A torturous demonspawn (Depths:5)
  5 swamp dragons
  27 deep trolls
  9 naga ritualists
  A spectral hydra (Swamp:4)
  6 flayed ghosts
  An infernal demonspawn (Depths:3)
  5 wizards
  2 lindwurms (Lair:6)
  7 glowing orange brains
  Pikel (D:8)
  17 ironbrand convokers
  A harpy (shapeshifter) (Depths:1)
  17 deep elf archers
  5 phantasmal warriors
  10 harpies
  9 orc sorcerers
  24 orc knights
  51 ugly things
  5 necromancers
  2 manticores
  6 mana vipers
  A wolf spider zombie (Abyss:5)
  An orb spider (shapeshifter) (Depths:5)
  70 deep elf magi
  8 cyclopes
  A moth of wrath (shapeshifter) (Vaults:5)
  2 human zombies (Vaults:2)
  7 wolf spiders
  An elephant (Lair:6)
  A human skeleton (Vaults:4)
  A black mamba (shapeshifter) (Depths:1)
  7 salamanders
  A guardian serpent (shapeshifter) (Vaults:5)
  3 moths of wrath
  2 cyclopes (shapeshifter)
  4 smoke demons
  30 naga magi
  36 black mambas
  2 gargoyles (D:14)
  11 vault sentinels
  6 torpor snails
  18 spiny frogs
  An ice statue (IceCv)
  A molten gargoyle (D:14)
  4 guardian serpents
  3 rust devils
  5 orange demons
  A spiny frog (shapeshifter) (D:15)
  A kobold demonologist (WizLab)
  2 hellions
  58 yaktaurs
  3 efreet (Depths:2)
  3 rime drakes
  4 swamp worm zombies (Swamp:4)
  A komodo dragon (shapeshifter) (Vaults:2)
  4 ice devils
  7 freezing wraiths
  2 hellwings
  4 red devils
  7 komodo dragons
  2 tormentors (WizLab)
  2 queen bees (shapeshifter)
  21 polar bears
  5 tengu conjurers
  6 tyrant leeches
  A troll (shapeshifter) (D:14)
  3 hydra zombies (Swamp:4)
  7 trolls
  9 bog bodies
  Grinder (D:5)
  5 alligator zombies (Swamp:4)
  13 hornets
  A raiju (shapeshifter) (Depths:5)
  9 hippogriffs
  A dream sheep (Lair:4)
  50 slime creatures
  A polar bear (shapeshifter) (Vaults:4)
  3 spectral swamp dragons (Swamp:4)
  25 blink frogs
  A fire giant simulacrum (Vaults:4)
  2 spriggans
  Sigmund (D:4)
  A vampire (D:15)
  60 yaks
  5 fire elementals
  5 air elementals
  4 shadows
  3 hogs (D:7)
  2 hogs (shapeshifter)
  7 water elementals
  2 ynoxinuls
  Eustachio (D:5)
  A basilisk (shapeshifter) (Depths:2)
  A wyvern (Lair:6)
  2 wraiths (Vaults:1)
  2 humans
  Grum (D:8)
  2 hungry ghosts
  2 basilisks
  A golden eye (shapeshifter) (Vaults:5)
  29 vampire mosquitoes
  A chaos spawn (Depths:4)
  A steam dragon (D:10)
  15 swamp worms
  9 wargs
  13 acid dragons
  16 insubstantial wisps
  Edmund (D:5)
  54 nagas
  10 water moccasins
  7 porcupines
  3 floating eyes
  64 orc warriors
  13 ice beasts
  4 slaves (D:8)
  11 phantoms
  4 swamp dragon zombies (Swamp:4)
  A sky beast (D:13)
  6 swamp drakes
  3 boggarts (Depths:2)
  A necrophage (D:9)
  41 ogres
  An eye of draining (Vaults:1)
  30 centaurs
  3 ettin simulacra (Depths:2)
  25 wolves
  An elf skeleton (Vaults:4)
  19 crocodiles
  Blork the orc (D:5)
  20 bullfrogs
  A gnoll sergeant (D:12)
  2 earth elementals
  2 wyvern skeletons (D:14)
  3 scorpions
  3 killer bees (D:9)
  7 wights
  4 howler monkeys
  A jelly (D:9)
  An electric eel (Lair:6)
  14 crimson imps
  2 lava snakes (D:14)
  6 centaur zombies
  A bullfrog zombie (D:9)
  A human simulacrum (Vaults:2)
  7 hounds
  4 quasits
  30 orc wizards
  42 orc priests
  5 centaur skeletons
  3 iron imps
  2 bullfrog skeletons
  4 iguanas
  16 worker ants
  3 spectral swamp drakes (Swamp:4)
  A hound skeleton (D:10)
  13 mummies (Ossuary)
  27 adders
  16 gnolls
  2 howler monkey skeletons
  A swamp drake zombie (Swamp:4)
  3 river rats (D:5)
  4 shadow imps
  15 white imps
  An ufetubus (Depths:3)
  6 oozes
  5 adder skeletons
  8 worms
  4 dart slugs
  14 leopard geckos
  116 orcs
  9 bats
  12 giant cockroaches
  9 goblins
  8 hobgoblins
  24 jackals
  A quokka (D:11)
  12 ball pythons
  10 frilled lizards
  A gnoll skeleton (Ossuary)
  A goblin skeleton (Ossuary)
  A goblin zombie (D:6)
  8 kobolds
  5 kobold skeletons (Ossuary)
  A leopard gecko skeleton (D:5)
  A leopard gecko zombie (D:5)
  An orc skeleton (Ossuary)
  A quokka skeleton (D:4)
  A quokka zombie (D:7)
  11 rats
  11 rat skeletons (Ossuary)
  A rat zombie (D:6)
  8 briar patches (Swamp:4)
  3 crawling corpses (Elf:3)
  3 fungi
  8 plants (Lair:6)
  A starspawn tentacle (Abyss:5)
2525 creatures vanquished.

Vanquished Creatures (others)
  A jiangshi (Depths:2)
  A vault guard (D:14)
  2 centaur warriors (D:14)
  A deep elf knight (Elf:2)
  2 cyclopes
  A spiny frog (Swamp:4)
  A yaktaur (Depths:2)
  An air elemental (Elf:2)
  3 insubstantial wisps (Swamp:4)
  A sky beast (D:14)
  An ogre (Vaults:5)
  A boggart (Depths:2)
  3 centaurs
  A frilled lizard (D:3)
  15 fungi
  7 plants (Lair:6)
  3 starspawn tentacles (Abyss:5)
45 creatures vanquished.

Grand Total: 2570 creatures vanquished

Notes
Turn   | Place    | Note
-------+----------+-------------------------------------------
     0 | D:1      | TittyCrusher the Lava Orc Fighter began the quest for the Orb.
     0 | D:1      | Reached XP level 1. HP: 18/18 MP: 1/1
   173 | D:1      | Reached XP level 2. HP: 24/24 MP: 2/2
   821 | D:2      | Reached XP level 3. HP: 20/29 MP: 3/3
  1101 | D:2      | Reached skill level 5 in Axes
  1102 | D:2      | Reached XP level 4. HP: 14/35 MP: 4/4
  1918 | D:3      | Reached XP level 5. HP: 41/41 MP: 5/5
  2276 | D:3      | Found a stormy altar of Qazlal.
  2538 | D:4      | Noticed Sigmund
  2561 | D:4      | Killed Sigmund
  2561 | D:4      | Reached XP level 6. HP: 34/47 MP: 6/6
  2601 | D:4      | Found a staircase to the Ecumenical Temple.
  2607 | Temple   | Entered the Ecumenical Temple
  3133 | D:4      | Noticed TittyCrusher's ghost (novice LOFi)
  3347 | D:4      | Reached XP level 7. HP: 42/52 MP: 7/7
  3750 | D:5      | Entered Level 5 of the Dungeon
  3904 | D:5      | Found an opulent altar of Gozag.
  3961 | D:5      | Found an iron altar of Okawaru.
  3969 | D:5      | Became a worshipper of Warmaster Okawaru
  4001 | D:5      | Noticed Edmund
  4033 | D:5      | Killed Edmund
  4033 | D:5      | Reached skill level 10 in Axes
  4095 | D:5      | Found a glowing drain.
  4106 | Sewer    | Entered a sewer
  4448 | Sewer    | Reached * piety under Okawaru
  4456 | Sewer    | Reached XP level 8. HP: 42/58 MP: 8/8
  4969 | D:5      | Noticed Blork the orc
  4984 | D:5      | Killed Blork the orc
  5195 | D:5      | Found a burning altar of Makhleb.
  5278 | D:5      | Found a bloodstained altar of Trog.
  5522 | D:5      | Noticed Grinder
  5523 | D:5      | Noticed Eustachio
  5523 | D:5      | Paralysed by Grinder for 7 turns
  5536 | D:5      | Killed Grinder
  5536 | D:5      | Reached ** piety under Okawaru
  5556 | D:5      | Killed Eustachio
  5839 | D:6      | Gained mutation: Your body sometimes deteriorates upon taking damage. [potion of mutation]
  5839 | D:6      | Gained mutation: You are agile. (Dex +3) [potion of mutation]
  5850 | D:6      | Found a sand-covered staircase.
  5861 | Ossuary  | Entered an ossuary
  6006 | Ossuary  | Lost mutation: Your body sometimes deteriorates upon taking damage. [potion of mutation]
  6006 | Ossuary  | Lost mutation: You are agile. (Dex +3) [potion of mutation]
  6006 | Ossuary  | Gained mutation: You tend to lose your temper in combat. [potion of mutation]
  6006 | Ossuary  | Gained mutation: You have supernaturally acute eyesight. (SInv) [potion of mutation]
  6006 | Ossuary  | Gained mutation: You passively map a small area around you. [potion of mutation]
  6006 | Ossuary  | Gained mutation: You have a pair of small horns on your head. [potion of mutation]
  6206 | D:6      | Reached XP level 9. HP: 63/63 MP: 9/9
  6256 | D:6      | Found a shadowy altar of Dithmenos.
  7106 | D:7      | Reached *** piety under Okawaru
  7342 | D:7      | Found a blossoming altar of Fedhas.
  7572 | D:7      | Reached skill level 15 in Axes
  7840 | D:7      | Found a snail-covered altar of Cheibriados.
  7977 | D:8      | Noticed Pikel
  7987 | D:8      | Reached **** piety under Okawaru
  8021 | D:8      | Killed Pikel
  8021 | D:8      | Reached XP level 10. HP: 60/70 MP: 10/10
  8041 | D:8      | Lost mutation: You have a pair of small horns on your head. [potion of mutation]
  8041 | D:8      | Lost mutation: You have supernaturally acute eyesight. (SInv) [potion of mutation]
  8041 | D:8      | Lost mutation: You tend to lose your temper in combat. [potion of mutation]
  8041 | D:8      | Lost mutation: You passively map a small area around you. [potion of mutation]
  8041 | D:8      | Gained mutation: Scrolls take you a little longer to read. [potion of mutation]
  8041 | D:8      | Gained mutation: You are agile. (Dex +3) [potion of mutation]
  8041 | D:8      | Gained mutation: You have a small jelly attached to you that senses nearby items. [potion of mutation]
  8105 | D:8      | Noticed Grum
  8112 | D:8      | Killed Grum
  8119 | D:8      | Found a white marble altar of Elyvilon.
  8260 | D:8      | Found a staircase to the Lair.
  8268 | D:8      | Found a flagged portal.
  8274 | Bailey   | Entered a bailey
  8327 | Bailey   | Reached skill level 5 in Armour
  8328 | Bailey   | Found a burning altar of Makhleb.
  8433 | D:8      | Found a runed door.
  8466 | D:8      | Found a runed door.
  8467 | D:8      | Noticed an orange crystal statue
  8622 | D:8      | Noticed Erica
  8662 | D:8      | Killed Erica
  8662 | D:8      | Reached ***** piety under Okawaru
  8848 | D:8      | Noticed an orange crystal statue
  8848 | D:8      | Noticed an orange crystal statue
  8848 | D:8      | Noticed an orange crystal statue
  8919 | D:8      | Noticed a two-headed ogre
  8940 | D:8      | Killed a two-headed ogre
  9348 | D:9      | Noticed a two-headed ogre
  9368 | D:9      | Killed a two-headed ogre
  9368 | D:9      | Reached skill level 5 in Shields
  9521 | D:9      | Reached XP level 11. HP: 75/75 MP: 11/11
  9546 | D:9      | Reached skill level 6 in Shields
  9929 | D:10     | Entered Level 10 of the Dungeon
 10174 | D:10     | Reached skill level 7 in Shields
 10263 | D:10     | Found a staircase to the Orcish Mines.
 10310 | D:10     | Noticed a two-headed ogre
 10340 | D:10     | Killed a two-headed ogre
 10340 | D:10     | Received a gift from Okawaru
 10340 | D:10     | Reached skill level 8 in Shields
 10630 | D:10     | Got a crystal whip
 10633 | D:10     | Identified the +8 whip "Woiliosa" {drain, Str-3 Dex+7} (You found it on level 10 of the Dungeon)
 10769 | D:11     | Reached skill level 9 in Shields
 10800 | D:11     | Reached ****** piety under Okawaru
 10800 | D:11     | Received a gift from Okawaru
 10877 | D:11     | Identified a scroll of acquirement
 10882 | D:11     | Got a faintly humming hat
 10893 | D:11     | Identified the +0 hat "Ytuth" {MP-9 Dex+4} (You acquired it on level 11 of the Dungeon)
 11397 | D:11     | Noticed a cyan ugly thing
 11420 | D:11     | Killed a cyan ugly thing
 11426 | D:11     | Gained mutation: Your spells are a little harder to cast, but a little more powerful. [mutagenic meat]
 11427 | D:11     | Gained mutation: You evolve. [mutagenic meat]
 11522 | Lair:1   | Entered Level 1 of the Lair of Beasts
 11539 | Lair:1   | Noticed an oklob plant
 11561 | Lair:1   | Reached skill level 5 in Invocations
 11908 | Lair:1   | Noticed an oklob plant
 12140 | Lair:1   | Reached XP level 12. HP: 73/81 MP: 17/17
 12141 | Lair:1   | Received a gift from Okawaru
 12508 | Lair:2   | Found an ornate altar of the Wu Jian Council.
 12697 | Lair:2   | Reached skill level 1 in Dodging
 12713 | Lair:2   | Found a staircase to the Swamp.
 12778 | Lair:2   | Noticed Harold
 12802 | Lair:2   | Killed Harold
 12893 | Lair:3   | Found a frozen archway.
 13012 | IceCv    | Entered an ice cave
 13254 | IceCv    | Reached skill level 5 in Dodging
 13460 | IceCv    | Received a gift from Okawaru
 13472 | IceCv    | Got a fine cloak {god gift}
 13475 | IceCv    | Identified the +1 cloak of Virtue {Regen+ Str-5 Dex+4} (Okawaru gifted it to you in an ice cave)
 13833 | IceCv    | Reached skill level 10 in Armour
 14031 | IceCv    | Noticed a frost giant
 14416 | IceCv    | Reached XP level 13. HP: 76/86 MP: 19/19
 14486 | IceCv    | Killed a frost giant
 14802 | Lair:3   | Lost mutation: You have a small jelly attached to you that senses nearby items. [potion of mutation]
 14802 | Lair:3   | Lost mutation: Scrolls take you a little longer to read. [potion of mutation]
 14802 | Lair:3   | Lost mutation: You evolve. [potion of mutation]
 14802 | Lair:3   | Lost mutation: Your spells are a little harder to cast, but a little more powerful. [potion of mutation]
 14802 | Lair:3   | Lost mutation: You are agile. (Dex +3) [potion of mutation]
 14802 | Lair:3   | Gained mutation: You have a pair of small horns on your head. [potion of mutation]
 14802 | Lair:3   | Gained mutation: You are partially covered in rugged brown scales. (AC +1, +3% HP) [potion of mutation]
 14802 | Lair:3   | Gained mutation: You are resistant to hostile enchantments. (MR+) [potion of mutation]
 15975 | Lair:4   | Found a staircase to the Snake Pit.
 16709 | Lair:5   | Received a gift from Okawaru
 16912 | Lair:5   | Reached skill level 1 in Stealth
 17127 | Lair:5   | Found a viscous altar of Jiyva.
 17128 | Lair:5   | Found a staircase to the Slime Pits.
 17244 | Lair:6   | Entered Level 6 of the Lair of Beasts
 17298 | Lair:6   | Found a runed door.
 17415 | Lair:6   | Reached XP level 14. HP: 83/95 MP: 11/20
 17535 | Lair:6   | Received a gift from Okawaru
 17538 | Lair:6   | Identified the +6 executioner's axe "Zuff" {chop, Int+6} (Okawaru gifted it to you on level 6 of the Lair of Beasts)
 18636 | Lair:6   | Identified the +0 hat of the Wilderness {Dex+2 Stlth+} (You acquired it on level 6 of the Lair of Beasts)
 18667 | Lair:6   | Reached skill level 10 in Dodging
 18705 | Lair:6   | Received a gift from Okawaru
 19149 | Orc:1    | Entered Level 1 of the Orcish Mines
 19155 | Orc:1    | Found Ubuocof's Antique Armour Shop.
 19156 | Orc:1    | Noticed a stone giant
 19524 | Orc:1    | Killed a stone giant
 19662 | Orc:1    | Noticed a stone giant
 19674 | Orc:1    | Killed a stone giant
 19753 | Orc:2    | Entered Level 2 of the Orcish Mines
 19930 | Orc:1    | Found a bloodstained altar of Trog.
 19996 | Orc:1    | Noticed an orc warlord
 20018 | Orc:1    | Killed an orc warlord
 20043 | Orc:1    | Found a roughly hewn altar of Beogh.
 20180 | Orc:2    | Reached skill level 5 in Fighting
 20286 | Orc:2    | Found a staircase to the Elven Halls.
 20572 | Orc:2    | Received a gift from Okawaru
 20577 | Orc:2    | Got an ancient war axe {god gift}
 20578 | Orc:2    | Identified the +1 war axe of the Ring {chop, MR+ Dex+2} (Okawaru gifted it to you on level 2 of the Orcish Mines)
 20651 | Orc:2    | Reached XP level 15. HP: 90/111 MP: 5/21
 20683 | Orc:2    | Found Etuakam's Weapon Boutique.
 20683 | Orc:2    | Found Duachad's Magic Scroll Boutique.
 20684 | Orc:2    | Found Toyrgh's Antique Armour Boutique.
 20684 | Orc:2    | Found Honie's Assorted Antiques.
 20699 | Orc:2    | Bought a scale mail for 120 gold pieces
 20701 | Orc:2    | Bought gold dragon scales for 2400 gold pieces
 21914 | D:12     | Identified the Grimoire of Displacement and Curses
 22080 | D:13     | Received a gift from Okawaru
 22083 | D:13     | Got a bloodstained crystal plate armour {god gift}
 22095 | D:13     | Identified the +1 crystal plate armour of Besaruod {+Inv rC+ MR+++ Stlth-} (Okawaru gifted it to you on level 13 of the Dungeon)
 22209 | D:13     | Found Ehaext's Weapon Shop.
 22387 | D:13     | Found Icaist's Weapon Shoppe.
 22584 | D:14     | Reached skill level 10 in Fighting
 22644 | D:14     | Found a gate to the Vaults.
 23060 | D:14     | Found a runed gate.
 23060 | D:14     | Found a runed gate.
 23060 | D:14     | Found a runed gate.
 23089 | D:14     | Noticed a fire giant
 23271 | D:14     | Found a runed gate.
 23271 | D:14     | Found a runed gate.
 23271 | D:14     | Found a runed gate.
 23755 | D:14     | Killed a fire giant
 23783 | D:14     | Identified the Handbook of Self-Knowledge and the Entourage
 23790 | D:14     | Identified the cursed ring "Totrepnu" {rC+ Str-1} (You found it on level 14 of the Dungeon)
 24144 | D:15     | Entered Level 15 of the Dungeon
 24321 | D:15     | Found Imaune's Magic Scroll Shop.
 24447 | D:15     | Reached XP level 16. HP: 130/132 MP: 13/22
 24633 | D:15     | Received a gift from Okawaru
 24778 | D:15     | Found a staircase to the Depths.
 25397 | Swamp:1  | Entered Level 1 of the Swamp
 25425 | Swamp:1  | Got a pitted brass amulet
 25427 | Swamp:1  | Identified the amulet "Dumuki" {+Rage rElec Int+3} (You found it on level 1 of the Swamp)
 25973 | Swamp:1  | Found a sparkling altar of Nemelex Xobeh.
 26066 | Swamp:2  | Reached skill level 15 in Armour
 27503 | Swamp:4  | Entered Level 4 of the Swamp
 27695 | Swamp:4  | Noticed a thorn hunter
 27706 | Swamp:4  | Killed a thorn hunter
 27755 | Swamp:4  | Noticed Roxanne
 27859 | Swamp:4  | Noticed a bone dragon
 27917 | Swamp:4  | Killed a bone dragon
 27917 | Swamp:4  | Received a gift from Okawaru
 28808 | Swamp:4  | Reached XP level 17. HP: 111/139 MP: 14/23
 29094 | Swamp:4  | Got a decaying rune of Zot
 29293 | Snake:1  | Entered Level 1 of the Snake Pit
 29598 | Snake:1  | Found Geituj Utyal's Weapon Emporium.
 29818 | Snake:1  | Found a runed door.
 30310 | Snake:1  | Identified the ring of Jiess {rC- rN+ Dex+5} (You found it on level 1 of the Snake Pit)
 30423 | Snake:2  | Noticed Vashnia
 30447 | Snake:2  | Killed Vashnia
 30590 | Snake:2  | Noticed Saint Roka
 30607 | Snake:2  | Killed Saint Roka
 30834 | Snake:2  | Received a gift from Okawaru
 31305 | Snake:3  | Noticed Aizul
 31321 | Snake:3  | Reached skill level 10 in Shields
 31323 | Snake:3  | Killed Aizul
 31725 | Snake:3  | Reached skill level 11 in Shields
 31858 | Snake:3  | Found Xeefaytt's Magic Scroll Shoppe.
 31879 | Snake:3  | Bought a scroll of enchant weapon for 150 gold pieces
 31885 | Snake:3  | Bought a scroll of fear for 70 gold pieces
 31885 | Snake:3  | Bought a scroll of blinking for 150 gold pieces
 31885 | Snake:3  | Found Zaw Niat's General Store.
 32321 | Snake:3  | Reached skill level 12 in Shields
 32343 | Snake:3  | Reached XP level 18. HP: 105/146 MP: 15/24
 32365 | Snake:3  | Identified the +2 pair of boots "Qujory" {rN+ MP+9} (You found it on level 3 of the Snake Pit)
 32636 | Snake:4  | Entered Level 4 of the Snake Pit
 32731 | Snake:4  | Reached skill level 13 in Shields
 32768 | Snake:4  | Reached skill level 14 in Shields
 32784 | Snake:4  | Received a gift from Okawaru
 33225 | Snake:4  | Reached skill level 15 in Shields
 33227 | Snake:4  | Received a gift from Okawaru
 33269 | Snake:4  | Identified the +2 pair of boots "Teuclin" {rN+ rCorr Int+6 Dex-3} (Okawaru gifted it to you on level 4 of the Snake Pit)
 33271 | Snake:4  | Got a serpentine rune of Zot
 33953 | Vaults:1 | Entered Level 1 of the Vaults
 34109 | Vaults:1 | Reached skill level 16 in Shields
 35257 | Snake:3  | Bought a scroll of brand weapon for 280 gold pieces
 35607 | Vaults:1 | Reached skill level 17 in Shields
 35734 | Vaults:1 | Reached XP level 19. HP: 152/152 MP: 25/25
 36068 | Vaults:1 | Reached skill level 18 in Shields
 36215 | Vaults:1 | Identified the ring "Gaeducsa" {MP+9 Slay+2 Stlth+} (You found it on level 1 of the Vaults)
 36254 | Vaults:1 | Received a gift from Okawaru
 36670 | Vaults:2 | Reached skill level 19 in Shields
 36978 | Vaults:2 | Found Agiotipe's Assorted Antiques.
 37002 | Vaults:2 | Bought a potion of curing for 81 gold pieces
 37279 | Vaults:2 | Received a gift from Okawaru
 37337 | Vaults:2 | Reached skill level 20 in Shields
 37782 | Vaults:3 | Paralysed by an ogre mage for 6 turns
 37792 | Vaults:3 | Paralysed by an ogre mage for 3 turns
 37985 | Vaults:3 | Reached XP level 20. HP: 159/159 MP: 26/26
 38202 | Vaults:3 | Reached skill level 21 in Shields
 38294 | Vaults:3 | Found a staircase to the Crypt.
 38594 | Vaults:3 | Received a gift from Okawaru
 38636 | Vaults:3 | Reached skill level 22 in Shields
 39020 | Vaults:3 | Noticed a golden dragon
 39029 | Vaults:3 | Killed a golden dragon
 39230 | Vaults:3 | Noticed a shard shrike
 39230 | Vaults:3 | a titan changed into a shard shrike
 39233 | Vaults:3 | Killed a shard shrike
 39516 | Vaults:4 | Reached skill level 23 in Shields
 39578 | Vaults:4 | Found a portal to a secret trove of treasure.
 40239 | Vaults:4 | Reached XP level 21. HP: 164/164 MP: 27/27
 40685 | Elf:1    | Entered Level 1 of the Elven Halls
 40707 | Elf:1    | Received a gift from Okawaru
 41037 | Elf:1    | Found a radiant altar of Vehumet.
 41044 | Elf:1    | Noticed Nikola
 41045 | Elf:1    | Reached skill level 24 in Shields
 41069 | Elf:1    | Killed Nikola
 41132 | Elf:1    | Found a roughly hewn altar of Beogh.
 42264 | Elf:2    | Found a magical portal.
 42269 | WizLab   | Entered The Hall of the Hellbinder
 42278 | WizLab   | Gained mutation: Your body sometimes deteriorates upon taking damage. [a cacodemon]
 42684 | WizLab   | Received a gift from Okawaru
 42928 | WizLab   | Reached skill level 25 in Shields
 42941 | WizLab   | Found a burning altar of Makhleb.
 42958 | WizLab   | Identified the Grimoire of the Entourage
 42981 | WizLab   | Identified Doinonuf's Compendium of Companions
 43259 | Elf:2    | Found a huge runed gate.
 43259 | Elf:2    | Found a huge runed gate.
 43259 | Elf:2    | Found a huge runed gate.
 43260 | Elf:2    | Found a huge runed gate.
 43262 | Elf:2    | Found a huge runed gate.
 43918 | Elf:3    | Entered Level 3 of the Elven Halls
 44139 | Elf:3    | Reached XP level 22. HP: 153/172 MP: 28/28
 44247 | Elf:3    | Found Fonaiwikk's General Store.
 44273 | Elf:3    | Bought a potion of heal wounds for 85 gold pieces
 44273 | Elf:3    | Bought a scroll of teleportation for 51 gold pieces
 44386 | Elf:3    | Reached skill level 26 in Shields
 44498 | Elf:3    | Received a gift from Okawaru
 44987 | Elf:3    | Identified the ring "Ceynath" {Wiz Int+6} (You took it off a deep elf blademaster on level 3 of the Elven Halls)
 45142 | Elf:3    | Identified The Lost Secrets of Secret Knowledge
 45856 | Depths:1 | Entered Level 1 of the Depths
 45868 | Depths:1 | Received a gift from Okawaru
 46005 | Depths:1 | Found a gateway to Hell.
 46333 | Depths:1 | Noticed a golden dragon
 46359 | Depths:1 | Killed a golden dragon
 46691 | Depths:1 | Received a gift from Okawaru
 46960 | Depths:1 | Reached XP level 23. HP: 155/178 MP: 21/29
 46982 | Depths:1 | Found a runed door.
 46989 | Depths:1 | Found a radiant altar of Vehumet.
 46989 | Depths:1 | Noticed an ancient lich
 47014 | Depths:1 | Killed an ancient lich
 47019 | Depths:1 | Identified the Tome of Attacks
 47157 | Depths:1 | Reached skill level 15 in Dodging
 48162 | Depths:2 | Received a gift from Okawaru
 48665 | Depths:3 | Found a one-way gate leading to the halls of Pandemonium.
 48719 | Depths:3 | Noticed Jorgrun
 48729 | Depths:3 | Killed Jorgrun
 48935 | Depths:3 | Noticed Asterion
 48942 | Depths:3 | Killed Asterion
 49340 | Depths:3 | Noticed Boris
 49358 | Depths:3 | Killed Boris
 49745 | Depths:4 | Received a gift from Okawaru
 49819 | Depths:4 | Reached XP level 24. HP: 145/185 MP: 29/29
 49864 | Depths:4 | Found a one-way gate to the infinite horrors of the Abyss.
 49966 | Depths:4 | Received a gift from Okawaru
 50516 | Depths:5 | Entered Level 5 of the Depths
 50886 | Depths:5 | Identified the Tome of Supportive Aid
 50899 | Depths:5 | Paralysed by a floating eye for 3 turns
 50931 | Depths:5 | Paralysed by a floating eye for 2 turns
 50974 | Depths:5 | Found a gateway to a ziggurat.
 51156 | Depths:5 | Found Fistovon's Quality Used Wands.
 51278 | Depths:5 | Found a gate to the Realm of Zot.
 52130 | Vaults:5 | Entered Level 5 of the Vaults
 52143 | Vaults:5 | Reached skill level 15 in Fighting
 52152 | Vaults:5 | Received a gift from Okawaru
 52433 | Vaults:5 | Reached XP level 25. HP: 182/204 MP: 23/29
 52728 | Vaults:5 | Noticed an ancient lich
 52743 | Vaults:5 | Killed an ancient lich
 52743 | Vaults:5 | Received a gift from Okawaru
 53474 | Vaults:5 | Got a silver rune of Zot
 54060 | Zot:1    | Entered Level 1 of the Realm of Zot
 54246 | Zot:4    | Reached XP level 26. HP: 201/226 MP: 23/29
 54265 | Zot:4    | Received a gift from Okawaru
 54402 | Zot:4    | Identified the amulet of Uskayaw's Delight {RegenMP Dex+3 Stlth+} (You found it on level 4 of the Realm of Zot)
 54555 | Zot:4    | Identified the +10 broad axe "Meziwny" {chop, rF- Int+2 Dex+6} (Okawaru gifted it to you on level 4 of the Realm of Zot)
 54567 | Zot:5    | Entered Level 5 of the Realm of Zot
 55109 | Zot:5    | Noticed an orb of fire
 55113 | Zot:5    | Gained mutation: Scrolls take you a little longer to read. [an orb of fire]
 55132 | Zot:5    | Gained mutation: You have a pair of horns on your head. [an orb of fire]
 55133 | Zot:5    | Noticed an ancient lich
 55135 | Zot:5    | Gained mutation: Potions are less effective at restoring your health. [an orb of fire]
 55138 | Zot:5    | Killed an orb of fire
 55138 | Zot:5    | Received a gift from Okawaru
 55139 | Zot:5    | Noticed an ancient lich
 55152 | Zot:5    | Killed an ancient lich
 55154 | Zot:5    | Killed an ancient lich
 55263 | Zot:5    | Noticed an ancient lich
 55264 | Zot:5    | Cast into level 5 of the Abyss (an ancient lich)
 55264 | Abyss:5  | Entered Level 5 of the Abyss
 55320 | Zot:5    | Escaped the Abyss
 55334 | Zot:5    | Killed an ancient lich
 55378 | Zot:5    | Received a gift from Okawaru
 55391 | Zot:5    | Reached XP level 27. HP: 245/245 MP: 29/29
 55405 | Zot:5    | Noticed an ancient lich
 55407 | Zot:5    | Noticed an orb of fire
 55409 | Zot:5    | Got the Orb of Zot
 55416 | Zot:5    | Killed an ancient lich
 55429 | Zot:5    | Killed an orb of fire
 55970 | D:9      | Received a gift from Okawaru
 56220 | D:$      | Escaped with the Orb!

Skill      XL: |  1  2  3  4  5  6  7  8  9 10 11 12 13 14 15 16 17 18 19 20 21 22 23 24 25 26 |
---------------+-------------------------------------------------------------------------------+-----
Axes           | 3 4 5 6 8 9 11 13 16 18 | 18.2
Armour         | 8 10 12 13 18 20 | 20.2
Shields        | 5 9 12 17 20 23 25 26 | 26.0
Invocations    | 7 9 |  9.1
Dodging        | 6 9 11 14 17 18 | 18.0
Stealth        | 2 |  2.0
Fighting       | 7 12 16 20 24 | 24.9

Action                   |  1- 3 |  4- 6 |  7- 9 | 10-12 | 13-15 | 16-18 | 19-21 | 22-24 | 25-27 || total
-------------------------+-------+-------+-------+-------+-------+-------+-------+-------+-------++-------
Melee: War axe           |    96 |   186 |   543 |   934 |   365 |       |       |       |       ||  2124
       Headbutt          |       |       |    46 |     4 |   314 |   414 |   422 |   496 |   331 ||  2027
       Whip              |       |       |       |       |    25 |    40 |       |       |       ||    65
       Broad axe         |       |       |       |       |   804 |  1236 |  1231 |  1305 |   864 ||  5440
Invok: Heroism           |       |       |       |     3 |     8 |     4 |     5 |     9 |    10 ||    39
       Finesse           |       |       |       |       |     7 |     4 |     4 |     8 |     9 ||    32
Evoke: Wand              |       |       |       |       |     4 |     2 |     2 |       |     1 ||     9
  Use: Scroll            |     4 |     2 |     7 |    18 |    22 |    16 |    11 |     4 |     8 ||    92
       Potion            |       |     4 |     7 |    10 |     5 |     8 |     4 |     4 |     4 ||    46
 Stab: Distracted        |       |       |       |     1 |       |     1 |     1 |     2 |     1 ||     6
       Invisible         |       |       |       |       |    22 |       |       |       |       ||    22
       Petrified         |       |       |       |       |     6 |       |       |       |       ||     6
       Petrifying        |       |       |       |       |       |       |       |     1 |       ||     1
  Eat: Chunk             |       |     6 |     7 |    12 |    15 |     3 |    11 |    10 |       ||    64
       Meat ration       |       |       |     1 |     2 |     1 |       |     2 |       |     1 ||     7
       Royal jelly       |       |       |       |       |     1 |    16 |     1 |     6 |     7 ||    31
       Fruit             |       |       |       |       |       |     1 |       |       |       ||     1
Armor: Scale mail        |    54 |    42 |       |       |       |       |       |       |       ||    96
       Chain mail        |       |    60 |   259 |    76 |       |       |       |       |       ||   395
       Skin              |       |       |     5 |       |       |       |       |       |     1 ||     6
       Plate armour      |       |       |       |   155 |   142 |       |       |       |       ||   297
       Crystal plate arm |       |       |       |       |    62 |    19 |   134 |   200 |    47 ||   462
       Gold dragon scale |       |       |       |       |    11 |   370 |    51 |       |    63 ||   495
Dodge: Dodged            |    33 |    52 |    81 |    93 |   116 |   231 |   155 |   268 |   177 ||  1206
Block: Shield            |    67 |   114 |   229 |    70 |       |       |       |       |       ||   480
       Large shield      |       |       |       |   901 |  1181 |  1541 |  1252 |  1350 |   753 ||  6978
       Reflection        |       |       |       |    21 |    51 |    10 |       |       |       ||    82
